nht, chaotic female elven Wizard ----- ----- ------------- | |<..| |...-### |....(......| =+=?!!/| |...| -------- #-*..| |`........_..f@% -.)?%?]!%[+![(| |...| |....... #|...| |........)..| -------------- |....##### |......| ##|.(..# --------|---- |*..| # |.%....| ###-----# # |...| ### |.......### # ### ----- # |......|### # # ##........` # # -------- ####### # # ---.------|---- |.>...........| |{............| |...%.........| |.......%.....| ..............| --------------- nht the Evoker Experience level: 2 Strength: 9 Dexterity: 14 Constitution: 14 Intelligence: 19 Wisdom: 12 Charisma: 7 Health: 0(13) Energy: 12(14) Def: 1 Gold: 42 Moves: 524 Dungeon seed: NFj4BXdyehVJvnwN Game ID: nht_1432822219 Your Inventory: Coins $ - 42 gold pieces Weapons a - a blessed +1 quarterstaff (weapon in hands) Armor e - an uncursed +0 cloak of magic resistance (being worn) Comestibles u - 2 uncursed tripe rations A - 2 uncursed food rations Scrolls h - 2 uncursed scrolls of gold detection i - an uncursed scroll of destroy armor p - an uncursed scroll of enchant weapon s - an uncursed scroll of identify x - an uncursed scroll of genocide C - an uncursed scroll of punishment D - a cursed scroll of identify E - a cursed scroll of destroy armor Spellbooks k - a blessed spellbook of magic missile l - an uncursed spellbook of light w - a blessed spellbook of blank paper y - an uncursed spellbook of knock Potions f - 2 uncursed potions of gain energy g - an uncursed potion of water o - a cursed potion of hallucination r - an uncursed potion of restore ability z - an uncursed potion of extra healing Rings c - an uncursed +1 ring of gain constitution d - an uncursed ring of regeneration B - an uncursed ring of see invisible Wands b - a wand of magic missile (0:8) Tools m - a magic marker (0:44) n - an uncursed tooled horn t - an uncursed blindfold Gems q - 2 uncursed worthless pieces of violet glass N - an uncursed worthless piece of blue glass Y - an uncursed worthless piece of yellow glass Spells known in the end: Name Level Category Fail Memory a - force bolt 1 attack 0% 98% b - magic missile 2 attack 0% 98% c - light 1 divination 0% 98% d - detect monsters 1 divination 0% 98% Your skills at the end: Fighting Skills Weapon Skills quarterstaff [Basic] Spellcasting Skills attack spells [Basic] enchantment spells [Basic] Final Attributes: You were piously aligned. You were magic-protected. You had infravision. You are dead. Vanquished creatures: 2 acid blobs a jackal a fox a kobold 5 grid bugs 3 lichens 2 newts 15 creatures vanquished. Voluntary challenges: You went without food. You used a wielded weapon 13 times, starting on turn 23. You read items or engraved 2 times, starting on turn 101. You never genocided any monsters. You never polymorphed an object. You never changed form. You used no wishes. You never split a pudding. You never wrote Elbereth's name. You never violated your personal moral code. You disabled loading bones files. Dungeon overview: The Dungeons of Doom: levels 1 to 3 Level 1 a long staircase Level 2 <- You were here a general store, an altar to Ptah, a fountain Level 3 History has recorded: On T:1 you entered the Dungeons of Doom to retrieve the Amulet of Yendor! On T:92 you reached level 2 of The Dungeons of Doom. On T:259 you reached level 3 of The Dungeons of Doom. On T:376 you advanced to experience level 2. Score breakdown: Gold: 42 ( 5556 points) Experience: 2 levels ( 5570 points) Exploration: 3 levels ( 5.77%) ( 5940 points) Discoveries: 1 item ( 0.36%) ( 1799 points) Valuables value: (no points given unless you survive) Artifact value: 0 ( 0 points) Variety of kills: 7 monsters ( 1.85%) ( 4077 points) Time penalty: 524 turns ( 0 points) Survival: died (score multiplied by 80%) Total score: 18353 Latest messages: C - an uncursed scroll labeled LEP GEX VEN ZEA. The scroll turns to dust as you pick it up. (You can name a scroll labeled READ ME from the item naming menu.) E - a cursed scroll of destroy armor. y - an uncursed mottled spellbook. o - a cursed milky potion. r - an uncursed pink potion. z - an uncursed white potion. B - an uncursed ivory ring. t - an uncursed blindfold. N - an uncursed blue gem. q - 2 uncursed violet gems. Y - an uncursed yellow gem. You kill the acid blob! You are splashed by something's acid! You die... Final status: Goodbye nht the Wizard, killed by an acid blob... You died in The Dungeons of Doom on dungeon level 2 with 18353 points, and 42 pieces of gold, after 524 moves. You were level 2 with a maximum of 13 hit points when you died.